 Dungeon Crawl Stone Soup version bcrawl-1.41.1 (webtiles) character file.

Game seed: 10180401924667327817

12290152 Grimmash the Eclecticist (level 17, -21/141 HPs)
             Began as a Djinni Conjurer on Apr 16, 2024.
             Was the Champion of Cheibriados.
             Demolished by a spriggan berserker
             ... wielding a +2 rapier of electrocution
              (34 damage)
             ... on level 1 of the Spriggan Forest on Apr 17, 2024.
             The game lasted 00:55:23 (32093 turns).

Grimmash the Eclecticist (Djinni Conjurer)         Turns: 32093, Time: 00:55:23

Health: -21/141    AC: 34    Str: 32    XL:     17   Next: 98%
Magic:  41/46      EV: 17    Int: 40    God:    Cheibriados [******]
Gold:   1649       SH:  9    Dex: 28    Spells: 29/51 levels left

rFire    + + .     GDR:     42% a - +8 broad axe (flame)
rCold    + . .     SeeInvis .   V - +0 buckler {reflect}
rNeg     . . .     Gourm    .   D - +8 plate armour "Qenyuthu" {rPois Regen+ rCorr}
rPois    +         Faith    .   p - +2 helmet {Int+3}
rElec    .         Spirit   .   T - +1 cloak
rCorr    +         Reflect  +   c - +0 pair of gloves
MR       +....     Clarity  +   (boots unavailable)
Stlth    ..........             o - amulet of regeneration
HPRegen  1.96/turn              n - ring "Davuucw" {rPois rF+ rC+ MR-}
MPRegen  0.30/turn              K - ring "Qesmiofa" {+Blink MR+ AC+5 Str+3}

@: flying, lightly drained, very slow
A: never pass out, agile 1, berserk 2, blink, blurry vision 2, fire resistance
1, high mp 2, poison resistance, wild magic 3, disrupted magic 1, MP-powered
wands, floating
}: 2/15 runes: decaying, serpentine
a: Blink, Bend Time, Defer, Temporal Distortion, Step From Time, Renounce
Religion, Evoke Blink


You were on level 1 of the Spriggan Forest.
You worshipped Cheibriados.
Cheibriados was exalted by your worship.
You were near starving.

You visited 7 branches of the dungeon, and saw 27 of its levels.

You collected 2679 gold pieces.
You spent 1030 gold pieces at shops.

Inventory:

Hand Weapons
 a - a +8 broad axe of flaming (weapon)
 b - a +6 blowgun
Missiles
 I - 105 curare-tipped needles
 R - 633 poisoned tomahawks (quivered)
Armour
 c - a +0 pair of gloves (worn)
 p - a +2 helmet of intelligence (worn)
 C - a +2 large shield
 D - the +8 plate armour "Qenyuthu" (worn) {rPois Regen+ rCorr}
   (You found it on level 8 of the Dungeon)

   It protects you from poison.
   It increases your rate of regeneration.
   It provides partial protection from all sources of acid and corrosion.
 M - a +0 plate armour of cold resistance
 T - a +1 cloak (worn)
 V - a +0 buckler of reflection (worn)
 Z - a +0 plate armour of cold resistance
Jewellery
 m - an uncursed amulet of magic regeneration
 n - the ring "Davuucw" (left hand) {rPois rF+ rC+ MR-}
   (You took it off a kobold demonologist on level 11 of the Dungeon)

   [ring of poison resistance]

   It protects you from fire.
   It protects you from cold.
   It protects you from poison.
   It affects your resistance to hostile enchantments.
 o - an amulet of regeneration (around neck)
 K - the ring "Qesmiofa" (right hand) {+Blink MR+ AC+5 Str+3}
   (You acquired it on level 3 of the Lair of Beasts)

   [ring of protection]

   It affects your AC (+5).
   It affects your strength (+3).
   It affects your resistance to hostile enchantments.
   It lets you blink.
 O - a +5 ring of protection
Wands
 s - a wand of digging (25)
 t - a wand of random effects (19)
 A - a wand of polymorph (17)
 F - a wand of paralysis (32)
 G - a wand of iceblast (28)
 J - a wand of flame (79)
 N - a wand of clouds (9)
 P - a wand of scattershot (3)
 S - a wand of charming (17)
Scrolls
 g - 12 scrolls of remove curse
 i - a scroll of brand weapon
 j - 16 scrolls of teleportation
 k - 8 scrolls of fog
 w - 5 scrolls of revelation
 y - 2 scrolls of blinking
 U - 3 scrolls of enchant armour
Potions
 d - 2 potions of flight
 f - 4 potions of heal wounds
 h - 5 potions of haste
 l - 5 potions of lignification
 q - 2 potions of resistance
 r - 6 potions of ambrosia
 u - 2 potions of brilliance
 v - 12 potions of curing
 x - 6 potions of agility
 z - 2 potions of degeneration
 B - 2 potions of berserk rage
 E - 2 potions of magic
 H - 5 potions of mutation
 L - 3 potions of cancellation
 Q - a potion of invisibility
 X - 2 potions of might
Miscellaneous
 Y - a sack of spiders
Comestibles
 e - 37 rations {!d}


   Skills:
 * Level 10.4(10.3) Fighting
   Level 0.6 Short Blades
 * Level 10.2 Axes
 + Level 1.2 Throwing
 * Level 8.9 Armour
 * Level 9.8(9.7) Dodging
 + Level 3.5 Stealth
 * Level 8.2 Shields
 * Level 17.5 Spellcasting
 * Level 15.4 Conjurations
 * Level 5.7 Charms
 * Level 9.0(8.9) Transmutations
 * Level 7.4 Fire Magic
 * Level 3.6 Earth Magic
 * Level 8.6 Invocations
 * Level 9.5 Evocations


You had 29 spell levels left.
You knew the following spells:

 Your Spells              Type           Power        Failure   Level  Hunger
a - Iskenderun's Mystic   Conj           ########     3%          3    None
b - Searing Ray           Conj           ########     2%          2    None
c - Magic Dart            Conj           ####         1%          1    None
d - Irradiate             Conj/Tmut      ########..   13%         5    None
e - Steam Barrier         Chrm/Fire      ########..   50%         5    None
f - Bolt of Magma         Conj/Fire/Erth ########..   30%         5    None
x - Infusion              Chrm           ########     10%         1    None

Your spell library contained the following spells:

 Spells                   Type           Power        Failure   Level  Hunger
 Sting                    Conj/Pois      ####         7%          1    None
 Passwall                 Tmut/Erth      ########     11%         2    None
 Sandblast                Erth           ######       14%         1    None
 Ignite Poison            Fire/Tmut/Pois #######.     19%         3    None
 Iskenderun's Battlesphe  Conj/Chrm      ########     19%         5    None
 Fulminant Prism          Conj/Hex       ########..   21%         4    None
 Swiftness                Chrm/Air       #######.     22%         2    None
 Apportation              Tloc           ######       36%         1    None
 Corona                   Hex            ######.      36%         1    None
 Necrotize                Necr           ######       36%         1    None
 Slow                     Hex            ######..     36%         1    None
 Summon Butterflies       Summ           ######..     36%         1    None
 Venom Bolt               Conj/Pois      ########..   38%         5    None
 Poisonous Vapours        Pois/Air       ######       45%         2    None
 Piercing Shot            Chrm           ########..   58%         5    None
 Vampiric Draining        Necr           ######....   63%         3    None
 Lee's Rapid Deconstruct  Erth           #######...   82%         5    None
 Agony                    Necr           ######..     91%         4    None
 Animate Dead             Necr           N/A          91%         4    None
 Olgreb's Toxic Radiance  Pois           ######...    91%         4    None
 Summon Scorpions         Summ/Pois      ######..     91%         4    None
 Statue Form              Tmut/Erth      ########.    93%         6    None
 Dispel Undead            Necr           ######..     99%         5    None
 Passage of Golubria      Tloc           N/A          99%         5    None
 Darkness                 Hex            ######....   100%        6    None
 Invisibility             Hex            ######..     100%        6    None
 Time Stop                Chrm/Tloc      N/A          100%        8    #####..


Dungeon Overview and Level Annotations

Branches:
Dungeon (12/12)            Temple (1/1) D:7            Lair (6/6) D:7
  Swamp (3/3) Lair:4        Snake (3/3) Lair:2        Slime (0/5) Orc
    Orc (1/1) D:10         Vaults (0/3) D:11         Forest (1/3) Lair:5
 Depths (0/5) D:12

Altars:
Ashenzari
Cheibriados
Dithmenos
Elyvilon
Fedhas
Gozag
Hepliaklqana
Kikubaaqudgha
Lugonu
Makhleb
Nemelex Xobeh
Okawaru
Qazlal
Ru
Sif Muna
Trog
Uskayaw
Vehumet
Wu Jian
Xom
Yredelemnul
Zin
The Shining One
Jiyva

Shops:
D:11 *   Orc [(?*=   Snake:2 }(?

Portals:
Trove: D:12 (give +4 fire dragon scales)

Annotations:
D:3 3 runed translucent doors, Wachungys's ghost, amateur NaRg
Lair:1 3 runed translucent doors, Returnofthet's ghost, journeyman VSGl
Lair:2 3 runed translucent doors, Galewind's ghost, journeyman AvCj
Lair:4 exclusion: oklob plant


Innate Abilities, Weirdness & Mutations

You never pass out after going berserk.
You often lose your temper in combat.
You can translocate small distances at will.
Scrolls take you longer to read.
Your flesh is heat resistant. (rF+)
You have a considerably increased reservoir of magic. (+20% MP)
Your spells are much harder to cast, but much more powerful.
Your casting is slightly disrupted.
You expend magic power (3 MP) to strengthen your wands.
Your body floats in the air.
You are agile. (Dex +2)
Your system is resistant to poisons. (rPois)


Message History

Aiming: Iskenderun's Mystic Blast (safe; 3% risk of failure)
Press: ? - help, Shift-Dir - straight line, f/p - spriggan berserker
Aim: a spriggan berserker, wielding a +2 rapier of electrocution and wearing a +0 animal skin (moderately wounded, berserk, fast, unusually strong, regenerating, resistant to hostile enchantments)
The orb of energy misses the spriggan berserker.
The spriggan berserker hits you with a +2 rapier of electrocution!
* * * LOW HITPOINT WARNING * * *
You are electrocuted!
* * * LOW HITPOINT WARNING * * *
The spriggan rider hits you but does no damage. x2
No path to travel!
No path to travel!
Your blurry vision makes reading the scroll take longer!
The spriggan berserker hits you with a +2 rapier of electrocution!!
* * * LOW HITPOINT WARNING * * *
The spriggan rider hits you but does no damage.
You begin reading the scroll.
You continue reading the scroll.
The spriggan berserker hits you but does no damage.
The spriggan rider misses you.
The spriggan berserker hits you with a +2 rapier of electrocution!!
You die...

♣♣♣♣♣♣ ♣♣.♣♣.♣♣♣♣
♣♣ ♣♣....♣♣.@♣
♣.♣♣.♣♣♣♣.♣.♣iiY♣
♣.♣♣♣♣.♣..♣♣♣i♣H♣
♣♣ ♣.♣♣.♣♣...♣
♣i. .♣
♣..♣...♣♣♣♣ ♣♣.
.♣♣ ♣♣♣.♣.♣.♣.♣ ♣
♣.♣♣♣...♣.♣♣.♣♣
.♣♣..♣.♣(...♣♣
♣...♣.....♣..♣


You could see an elephant (berserk), 3 spriggan riders, a spriggan berserker
(berserk) and a hippogriff.

Vanquished Creatures
  Frances (Swamp:2)
  Kirke (Snake:1)
  3 thorn hunters
  Donald (Orc)
  4 nagarajas (Snake:1)
  Roxanne (Swamp:2)
  An orc warlord (Orc)
  Aizul (Lair:4)
  3 very ugly things
  2 spriggan defenders (Forest:1)
  An entropy weaver (shapeshifter) (Snake:3)
  Azrael (Snake:1)
  An ettin (D:12)
  A yaktaur captain (D:11)
  Josephine (D:12)
  2 green deaths (Swamp:3)
  2 rakshasas (Snake:3)
  2 ghost crabs
  2 hell beasts (Swamp:3)
  18 hydras
  10 naga warriors
  2 ogre magi (D:12)
  Erolcha (Orc)
  A shambling mangrove (Swamp:1)
  3 anacondas
  An alligator (shapeshifter) (Snake:3)
  2 catoblepae
  11 alligators
  A tengu warrior (D:12)
  11 two-headed ogres
  A deep troll shaman (Lair:6)
  A death ooze (Swamp:3)
  8 death yaks (Lair:6)
  9 naga sharpshooters
  A thrashing horror (Swamp:3)
  An orc high priest (Orc)
  5 shock serpents
  A deep troll (D:12)
  6 centaur warriors
  A fire crab (Lair:5)
  2 goliath frogs
  3 salamander mystics
  8 swamp dragons
  3 death drakes
  2 spriggan druids (Swamp:1)
  4 wolf spider zombies
  7 naga ritualists
  4 cyclopes
  A large abomination (Swamp:3)
  2 deep elf magi (D:11)
  6 mana vipers
  3 orc knights (Orc)
  8 naga magi
  10 ugly things
  4 orc sorcerers
  An oklob plant (Forest:1)
  2 manticores
  14 elephants (Lair:6)
  6 salamanders
  3 guardian serpents (Snake:1)
  25 black mambas
  5 will-o'-wisps (Swamp:3)
  A water nymph (Forest:1)
  A gargoyle (D:11)
  An orange demon (Swamp:3)
  13 cane toads
  A kobold demonologist (D:11)
  4 komodo dragons
  A rime drake (Lair:6)
  A freezing wraith (D:11)
  A yaktaur (D:11)
  A jumping spider (shapeshifter) (Snake:3)
  A meliai (D:9)
  A harpy zombie (D:10)
  4 trolls
  Maurice (Orc)
  3 harpy skeletons
  13 hornets
  7 hippogriffs
  4 polar bears
  13 bog bodies
  24 slime creatures
  12 blink frogs
  5 tyrant leeches
  10 dream sheep
  A meliai zombie (D:10)
  7 spriggans
  A vampire (D:12)
  2 water elementals (Forest:1)
  4 shadows
  A human (D:11)
  3 wyverns
  32 yaks
  3 wraiths (D:12)
  4 fire elementals (Snake:1)
  4 hungry ghosts
  A steam dragon (D:8)
  5 basilisks
  A hog (Snake:1)
  12 vampire mosquitoes
  3 wargs (Orc)
  Menkaure (D:6)
  A small abomination (Swamp:3)
  15 swamp worms
  17 nagas
  3 acid dragons
  A two-headed ogre zombie (D:10)
  2 hell hounds (Snake:1)
  15 crocodiles
  7 swamp drakes
  20 orc warriors
  10 porcupines
  4 sky beasts
  3 ice beasts
  3 boggarts (Swamp:3)
  4 ogres
  2 phantoms
  3 necrophages
  20 wolves
  A boggart (shapeshifter) (D:11)
  8 bullfrogs
  A kobold brigand (D:6)
  Blork the orc (Orc)
  A gnoll sergeant (D:7)
  14 centaurs
  A wyvern skeleton (D:9)
  6 scorpions
  A killer bee (D:11)
  14 wights
  7 electric eels
  3 howler monkeys
  7 orc priests
  7 crimson imps
  10 hounds
  A bullfrog zombie (D:5)
  A bullfrog skeleton (D:5)
  4 iguanas
  15 orc wizards
  7 worker ants
  6 ogre zombies (D:10)
  A hound zombie (D:8)
  7 gnolls
  17 adders
  4 shadow imps
  2 oozes
  2 adder skeletons
  2 adder zombies
  2 worms
  3 dart slugs
  3 leopard geckos
  43 orcs
  2 giant cockroaches (D:1)
  4 goblins
  7 hobgoblins
  9 jackals
  3 quokkas
  A bat (D:1)
  3 frilled lizards
  2 goblin skeletons (D:10)
  2 goblin zombies (D:10)
  2 hobgoblin zombies (D:10)
  A jackal skeleton (D:7)
  9 kobolds
  3 orc skeletons (D:10)
  15 orc zombies (D:10)
  6 rats
  2 plants
860 creatures vanquished.

Vanquished Creatures (others)
  A naga warrior (Snake:1)
  2 alligators (Swamp:1)
  3 will-o'-wisps (Swamp:1)
  A yaktaur (D:11)
  A tyrant leech (Swamp:1)
  A slime creature (Swamp:3)
  2 spriggans (Swamp:1)
  4 humans (Snake:1)
  A swamp worm (Swamp:2)
  A troll zombie (D:10)
  An orc zombie (D:10)
  32 fungi
  48 plants
98 creatures vanquished.

Grand Total: 958 creatures vanquished

Notes
Turn   | Place    | Note
-------+----------+-------------------------------------------
     0 | D:1      | Grimmash the Djinni Conjurer began the quest for the Orb.
     0 | D:1      | Reached XP level 1. HP: 14/14 MP: 4/4
   214 | D:1      | Reached XP level 2. HP: 20/20 MP: 4/6
   408 | D:1      | Learned a level 2 spell: Searing Ray
   413 | D:1      | Reached skill level 5 in Conjurations
  1124 | D:2      | Found a glowing golden altar of the Shining One.
  1138 | D:2      | Reached XP level 3. HP: 27/27 MP: 2/7
  1356 | D:2      | Found a sparkling altar of Nemelex Xobeh.
  1356 | D:2      | Found a sacrificial altar of Ru.
  1430 | D:2      | Reached skill level 1 in Fighting
  1620 | D:2      | Gained mutation: Your spells are harder to cast, but more
                  | powerful. [Djinni growth]
  1620 | D:2      | Gained mutation: You can translocate small distances at
                  | will. [Djinni growth]
  1620 | D:2      | Reached XP level 4. HP: 35/35 MP: 3/9
  2382 | D:3      | Found a stormy altar of Qazlal.
  2457 | D:3      | Reached skill level 4 in Spellcasting
  2457 | D:3      | Reached XP level 5. HP: 36/41 MP: 4/11
  2666 | D:3      | Learned a level 3 spell: Iskenderun's Mystic Blast
  2721 | D:3      | Found a runed translucent gate.
  2721 | D:3      | Found a runed translucent gate.
  2721 | D:3      | Found a runed translucent gate.
  2725 | D:3      | Noticed Wachungys's ghost (amateur NaRg)
  2803 | D:4      | Reached skill level 1 in Armour
  2885 | D:4      | Noticed a phantom
  2901 | D:4      | Killed a phantom
  2902 | D:4      | Reached XP level 6. HP: 40/48 MP: 1/13
  2954 | D:4      | Reached skill level 5 in Spellcasting
  2969 | D:4      | Noticed a sky beast
  2994 | D:4      | Killed a sky beast
  3168 | D:4      | Found a corrupted altar of Lugonu.
  3463 | D:5      | Entered Level 5 of the Dungeon
  3509 | D:5      | Reached skill level 1 in Shields
  3509 | D:5      | Reached XP level 7. HP: 56/56 MP: 9/15
  3795 | D:5      | Reached skill level 6 in Spellcasting
  3962 | D:5      | Found a burning altar of Makhleb.
  4167 | D:5      | Reached skill level 1 in Axes
  4255 | D:5      | Found a faded altar of an unknown god.
  4255 | D:5      | Found an ancient bone altar of Kikubaaqudgha.
  4262 | D:5      | Found a faded altar of an unknown god.
  4267 | D:5      | Found a shattered altar of Ashenzari.
  4269 | D:5      | Found an opulent altar of Gozag.
  4427 | D:6      | Noticed Menkaure
  4437 | D:6      | Killed Menkaure
  4438 | D:6      | Gained mutation: Your spells are much harder to cast, but
                  | much more powerful. [Djinni growth]
  4438 | D:6      | Reached XP level 8. HP: 55/63 MP: 12/18
  4491 | D:6      | Reached skill level 7 in Spellcasting
  4776 | D:6      | Noticed a +0 dagger
  4776 | D:6      | Noticed a +0 dagger
  4777 | D:6      | Found a hide-covered altar of Uskayaw.
  5182 | D:6      | Noticed a hippogriff
  5188 | D:6      | Killed a hippogriff
  5189 | D:6      | Reached skill level 8 in Spellcasting
  5654 | D:7      | Reached XP level 9. HP: 71/71 MP: 14/21
  5757 | D:6      | Reached skill level 9 in Spellcasting
  5887 | D:7      | Noticed a troll
  6233 | D:7      | Found a staircase to the Ecumenical Temple.
  6243 | D:7      | Killed a troll
  6256 | Temple   | Entered the Ecumenical Temple
  6438 | Temple   | Became a worshipper of Cheibriados the Contemplative
  6665 | D:7      | Reached skill level 10 in Spellcasting
  6695 | D:7      | Found a staircase to the Lair.
  6848 | D:7      | Found a bloodstained altar of Trog.
  6944 | D:8      | Reached skill level 5 in Fighting
  7109 | D:8      | Reached skill level 1 in Invocations
  7140 | D:8      | Found a basalt altar of Yredelemnul.
  7143 | D:8      | Reached * piety under Cheibriados
  7189 | D:8      | Got an ancient plate armour
  7194 | D:8      | Reached XP level 10. HP: 81/81 MP: 17/24
  7449 | D:8      | Identified the +8 plate armour "Qenyuthu" {rPois Regen+
                  | rCorr} (You found it on level 8 of the Dungeon)
  7896 | D:8      | Noticed a two-headed ogre
  7900 | D:8      | Reached ** piety under Cheibriados
  8001 | D:8      | Found a glowing silver altar of Zin.
  8079 | D:8      | Killed a two-headed ogre
  8080 | D:8      | Reached skill level 11 in Spellcasting
  8587 | Lair:1   | Entered Level 1 of the Lair of Beasts
  8832 | Lair:1   | Reached skill level 10 in Conjurations
  8920 | Lair:1   | Noticed a black mamba
  8921 | Lair:1   | Reached skill level 5 in Dodging
  8923 | Lair:1   | Killed a black mamba
  9030 | Lair:1   | Noticed a five-headed hydra
  9036 | Lair:1   | Killed a five-headed hydra
  9037 | Lair:1   | Reached XP level 11. HP: 89/89 MP: 16/26
  9195 | Lair:1   | Found a runed translucent gate.
  9195 | Lair:1   | Found a runed translucent gate.
  9195 | Lair:1   | Found a runed translucent gate.
  9196 | Lair:1   | Noticed Returnofthet's ghost (journeyman VSGl)
  9196 | Lair:1   | Noticed a death ooze
  9541 | Lair:1   | Found a viscous altar of Jiyva.
  9558 | Lair:2   | Noticed a five-headed hydra
  9565 | Lair:2   | Killed a five-headed hydra
  9572 | Lair:2   | Learned a level 5 spell: Irradiate
  9654 | Lair:2   | Found a runed translucent gate.
  9654 | Lair:2   | Found a runed translucent gate.
  9654 | Lair:2   | Found a runed translucent gate.
  9696 | Lair:2   | Noticed Galewind's ghost (journeyman AvCj)
  9723 | Lair:2   | Found a staircase to the Snake Pit.
  9734 | Lair:2   | Reached skill level 1 in Transmutations
 10168 | Lair:2   | Reached *** piety under Cheibriados
 10276 | Lair:2   | Reached skill level 12 in Spellcasting
 11257 | Lair:3   | Reached skill level 1 in Evocations
 11500 | Lair:3   | Noticed an eight-headed hydra
 11505 | Lair:3   | Killed an eight-headed hydra
 11570 | Lair:3   | Identified a scroll of acquirement
 11572 | Lair:3   | Identified the +8 lajatang "Vasea" {venom, *Noise rElec
                  | Dex+7} (You acquired it on level 3 of the Lair of Beasts)
 11572 | Lair:3   | Identified the ring "Qesmiofa" {+Blink MR+ AC+5 Str+3} (You
                  | acquired it on level 3 of the Lair of Beasts)
 11696 | Lair:3   | Reached **** piety under Cheibriados
 12163 | Lair:3   | Gained mutation: Your casting is slightly disrupted.
                  | [Djinni growth]
 12163 | Lair:3   | Gained mutation: Your flesh is heat resistant. (rF+)
                  | [Djinni growth]
 12163 | Lair:3   | Gained mutation: You have an increased reservoir of magic.
                  | (+10% MP) [Djinni growth]
 12163 | Lair:3   | Gained mutation: You have a considerably increased
                  | reservoir of magic. (+20% MP) [Djinni growth]
 12163 | Lair:3   | Reached XP level 12. HP: 92/97 MP: 19/34
 12628 | Lair:4   | Reached skill level 13 in Spellcasting
 12636 | Lair:4   | Noticed a six-headed hydra
 12807 | Lair:4   | Noticed a six-headed hydra
 12824 | Lair:4   | Killed a six-headed hydra
 12861 | Lair:4   | Reached skill level 5 in Armour
 12971 | Lair:4   | Killed a six-headed hydra
 13131 | Lair:4   | Reached ***** piety under Cheibriados
 13196 | Lair:4   | Noticed a four-headed hydra
 13201 | Lair:4   | Killed a four-headed hydra
 13252 | Lair:4   | Found a staircase to the Swamp.
 13505 | Lair:5   | Reached skill level 5 in Shields
 13719 | Lair:5   | Reached skill level 5 in Axes
 13731 | Lair:5   | Noticed an alligator
 13737 | Lair:5   | Killed an alligator
 13754 | Lair:5   | Noticed an alligator
 13756 | Lair:5   | Killed an alligator
 14029 | Lair:5   | Found a staircase to the Spriggan Forest.
 14261 | Lair:6   | Entered Level 6 of the Lair of Beasts
 14547 | Lair:6   | Reached skill level 14 in Spellcasting
 14549 | Lair:6   | Reached XP level 13. HP: 105/105 MP: 20/37
 14555 | Lair:6   | Reached skill level 5 in Transmutations
 14648 | Lair:6   | Reached skill level 5 in Invocations
 15494 | Lair:6   | Reached ****** piety under Cheibriados
 15697 | Lair:6   | Reached skill level 5 in Evocations
 15827 | Lair:6   | Found the +8 mithril axe "Arga" {speed, MR+}
 16041 | Lair:6   | Got a faintly glowing robe
 16991 | D:9      | Reached XP level 14. HP: 115/115 MP: 21/39
 17336 | D:9      | Found an iron altar of Okawaru.
 17634 | D:9      | Learned a level 5 spell: Steam Barrier
 17858 | D:10     | Entered Level 10 of the Dungeon
 17874 | D:10     | Got a warped robe
 17921 | D:10     | Identified the +2 robe of the Slightly Bent {Dex+5} (You
                  | found it on level 10 of the Dungeon)
 18041 | D:10     | Reached skill level 15 in Spellcasting
 18154 | D:10     | Found a staircase to the Orcish Mines.
 18762 | D:11     | Found Joischaf's Assorted Antiques.
 18833 | D:11     | Reached skill level 1 in Fire Magic
 19037 | D:11     | Reached skill level 1 in Charms
 19198 | D:11     | Bought a dark potion for 22 gold pieces
 19198 | D:11     | Bought a scroll labeled WUTYUK LUKESO for 25 gold pieces
 19198 | D:11     | Bought a purple potion for 22 gold pieces
 19561 | D:11     | Identified the cursed ring "Yjot" {MR- AC-3 Int+4 Dex+2}
 19642 | D:11     | Noticed a green very ugly thing
 19856 | D:11     | Killed a cyan very ugly thing
 19868 | D:11     | Identified the ring "Davuucw" {rPois rF+ rC+ MR-}
 19956 | D:11     | Found a burning altar of Makhleb.
 20027 | D:11     | Found a gate to the Vaults.
 20065 | D:11     | Got a crude bone amulet
 20166 | D:11     | Identified the amulet of Juotrius {Faith +Inv rElec MP-9
                  | Int+2} (You found it on level 11 of the Dungeon)
 20210 | D:11     | Identified the cursed amulet of Zaengorch {Inacc +Blink,
                  | pickup} (You found it on level 11 of the Dungeon)
 20597 | D:12     | Entered Level 12 of the Dungeon
 20739 | D:12     | Noticed Josephine
 20750 | D:12     | Killed Josephine
 20949 | D:12     | Found a portal to a secret trove of treasure.
 21256 | D:12     | Reached XP level 15. HP: 123/123 MP: 34/41
 21353 | D:12     | Found a staircase to the Depths.
 21756 | Orc      | Entered the Orcish Mines
 21756 | Orc      | Found Pojauf's Magic Scroll Shop.
 21756 | Orc      | Noticed Maurice
 21761 | Orc      | Killed Maurice
 21830 | Orc      | Noticed Donald
 21843 | Orc      | Killed Donald
 22042 | Orc      | Reached skill level 16 in Spellcasting
 22271 | Orc      | Noticed Blork the orc
 22275 | Orc      | Killed Blork the orc
 22316 | Orc      | Noticed an orc warlord
 22328 | Orc      | Killed an orc warlord
 22528 | Orc      | Noticed Erolcha
 22534 | Orc      | Killed Erolcha
 22641 | Orc      | Found a roughly hewn altar of Beogh.
 22687 | Orc      | Found Datsad's General Store.
 22732 | Orc      | Found Isegiyk's Jewellery Boutique.
 22738 | Orc      | Found Fennub's Antique Weapon Boutique.
 22858 | Orc      | Found a viscous altar of Jiyva.
 22859 | Orc      | Found a staircase to the Slime Pits.
 22987 | Orc      | Found a roughly hewn altar of Beogh.
 23060 | Orc      | Found Pidom's Antique Armour Boutique.
 23088 | Orc      | Bought a glowing hat for 147 gold pieces
 23088 | Orc      | Bought a shiny large shield for 157 gold pieces
 23143 | Orc      | Bought a scroll of enchant armour for 105 gold pieces
 23143 | Orc      | Bought a scroll of brand weapon for 252 gold pieces
 23143 | Orc      | Bought a scroll of blinking for 105 gold pieces
 23510 | Swamp:1  | Entered Level 1 of the Swamp
 23510 | Swamp:1  | Noticed Aizul
 23522 | Lair:4   | Killed Aizul
 23523 | Lair:4   | Reached skill level 1 in Throwing
 24984 | Swamp:2  | Noticed Roxanne
 24997 | Swamp:2  | Killed Roxanne
 24998 | Swamp:2  | Reached XP level 16. HP: 127/132 MP: 6/43
 24999 | Swamp:2  | Identified Roxanne's Papyrus of the Mountains (You took it
                  | off Roxanne on level 2 of the Swamp)
 25014 | Swamp:2  | Reached skill level 5 in Fire Magic
 25021 | Swamp:2  | Noticed a thorn hunter
 25180 | Swamp:2  | Learned a level 5 spell: Bolt of Magma
 25308 | Swamp:2  | Noticed a thorn hunter
 25317 | Swamp:2  | Killed a thorn hunter
 25363 | Swamp:2  | Noticed Frances
 25374 | Swamp:2  | Gained mutation: You are agile. (Dex +2) [potion of
                  | mutation]
 25374 | Swamp:2  | Gained mutation: Your system is resistant to poisons.
                  | (rPois) [potion of mutation]
 25379 | Swamp:2  | Killed a thorn hunter
 25608 | Swamp:2  | Killed Frances
 25609 | Swamp:2  | Reached skill level 1 in Earth Magic
 26162 | Swamp:3  | Entered Level 3 of the Swamp
 26785 | Swamp:3  | Noticed a thorn hunter
 26797 | Swamp:3  | Killed a thorn hunter
 27405 | Swamp:3  | Got a decaying rune of Zot
 27523 | Swamp:3  | Reached skill level 15 in Conjurations
 27525 | Swamp:3  | Learned a level 1 spell: Infusion
 27889 | Snake:1  | Entered Level 1 of the Snake Pit
 27939 | Snake:1  | Reached skill level 17 in Spellcasting
 28023 | Snake:1  | Reached XP level 17. HP: 139/139 MP: 27/45
 28025 | Snake:1  | Noticed Azrael
 28034 | Snake:1  | Reached skill level 5 in Charms
 28117 | Snake:1  | Noticed Kirke
 28124 | Snake:1  | Killed Azrael
 28125 | Snake:1  | Killed Kirke
 28126 | Snake:1  | Reached skill level 10 in Fighting
 29197 | Snake:2  | Identified the +7 rapier of Kaagoll {pierce, +Fly rC+ MR++
                  | Int+2}
 29427 | Snake:2  | Found Umote's Gadget Shop.
 29429 | Snake:2  | Found Meahimu's Weapon Boutique.
 29432 | Snake:2  | Found Tiloal's Magic Scroll Shop.
 29439 | Snake:2  | Bought a scroll of enchant armour for 127 gold pieces
 29439 | Snake:2  | Bought a scroll of revelation for 68 gold pieces
 29943 | Snake:3  | Entered Level 3 of the Snake Pit
 30450 | Snake:3  | Reached skill level 10 in Axes
 30454 | Snake:3  | Found a shimmering altar of Xom.
 30455 | Snake:3  | Found a shimmering altar of Xom.
 30839 | Snake:3  | Found a shimmering altar of Xom.
 30839 | Snake:3  | Found a shimmering altar of Xom.
 30841 | Snake:3  | Found a shimmering altar of Xom.
 30923 | Snake:3  | Found a shimmering altar of Xom.
 30929 | Snake:3  | Found a shimmering altar of Xom.
 30930 | Snake:3  | Got a serpentine rune of Zot
 31407 | Forest:1 | Entered Level 1 of the Spriggan Forest
 32093 | Forest:1 | Demolished by a spriggan berserker

Skill      XL: |  1  2  3  4  5  6  7  8  9 10 11 12 13 14 15 16 17 |
---------------+----------------------------------------------------+-----
Conjurations   | 5 6 7 8 9 10 11 12 13 14 15 | 15.4
Fighting       | 1 2 3 4 5 6 7 8 9 10 | 10.4
Spellcasting   | 4 5 6 8 10 11 12 14 15 16 17 | 17.5
Armour         | 1 2 3 4 5 6 7 8 |  8.9
Shields        | 1 2 3 4 5 6 7 8 |  8.2
Axes           | 1 2 3 4 5 6 7 8 9 10 | 10.2
Stealth        | 2 3 |  3.5
Dodging        | 3 4 5 6 7 8 9 |  9.8
Invocations    | 1 2 3 4 5 6 7 8 |  8.6
Transmutations | 3 4 6 7 8 9 |  9.0
Evocations     | 2 3 5 6 7 8 9 |  9.5
Fire Magic     | 3 4 6 7 |  7.4
Charms         | 2 3 4 5 |  5.7
Throwing       | 1 |  1.2
Earth Magic    | 2 3 |  3.6
Short Blades   | |  0.6

Action                   |  1- 3 |  4- 6 |  7- 9 | 10-12 | 13-15 | 16-18 || total
-------------------------+-------+-------+-------+-------+-------+-------++-------
Melee: Unarmed           |     9 |       |       |       |       |       ||     9
       Rapier            |       |    12 |       |       |       |       ||    12
       War axe           |       |       |       |    17 |   111 |       ||   128
       Broad axe         |       |       |       |       |    47 |   286 ||   333
Throw: Tomahawk          |       |       |       |       |    37 |     7 ||    44
 Cast: Magic Dart        |    53 |    90 |    21 |     2 |       |       ||   166
       Searing Ray       |       |     6 |    25 |    38 |    32 |     3 ||   104
       Iskenderun's Myst |       |     1 |    83 |   176 |   531 |   430 ||  1221
       Irradiate         |       |       |       |       |     1 |     1 ||     2
       Infusion          |       |       |       |       |       |    12 ||    12
Evoke: Wand              |       |       |       |     1 |     6 |     1 ||     8
       Sack of spiders   |       |       |       |       |     1 |       ||     1
  Use: Scroll            |     1 |     1 |       |    17 |    18 |    10 ||    47
       Potion            |       |       |       |     1 |     2 |     5 ||     8
 Stab: Confused          |       |       |       |       |     2 |       ||     2
  Eat: Chunk             |     3 |     8 |    16 |    19 |    29 |    16 ||    91
       Ration            |       |       |       |       |     2 |     4 ||     6
Armor: Robe              |     1 |     9 |     3 |     6 |       |       ||    19
       Plate armour      |       |       |       |    10 |   355 |   311 ||   676
Dodge: Dodged            |     5 |    29 |    45 |   115 |   389 |   355 ||   938
Block: Buckler           |       |       |       |    29 |   232 |   245 ||   506
       Reflection        |       |       |       |       |    14 |    25 ||    39
